[ AOE2 MATCH · #473867805 ]
UnrankedCumans vs Cumans
[ REPLAY ANALYSIS · EXTRACTED FROM THE RECORDED GAME ]
Feudal
9:34
Castle
25:56
Imperial
—
| APM avg | 31.2 |
| APM peak | 103 |
| eAPM avg | 14.6 |
| Villagers / military | 129 / 76 |
Focus
⚔️ 16.6% · 🌾 83.4%
Camel Scout ×36 · Knight ×35 · Battering Ram ×5
Feudal
8:56
Castle
20:25
Imperial
36:12
| APM avg | 42.5 |
| APM peak | 75 |
| eAPM avg | 21.6 |
| Villagers / military | 122 / 213 |
Focus
⚔️ 24.8% · 🌾 75.2%
Knight ×200 · Steppe Lancer ×10 · Monk ×2 · Mangonel ×1
Feudal
11:21
Castle
15:28
Imperial
30:44
| APM avg | 38.2 |
| APM peak | 87 |
| eAPM avg | 23.9 |
| Villagers / military | 176 / 65 |
Focus
⚔️ 23.5% · 🌾 76.5%
War Elephant ×44 · Skirmisher ×21
Feudal
10:52
Castle
14:39
Imperial
—
| APM avg | 22.9 |
| APM peak | 78 |
| eAPM avg | 11.1 |
| Villagers / military | 112 / 0 |
Focus
⚔️ 7.4% · 🌾 92.6%
Feudal
11:55
Castle
15:41
Imperial
20:46
| APM avg | 52.9 |
| APM peak | 124 |
| eAPM avg | 15.7 |
| Villagers / military | 39 / 51 |
Focus
⚔️ 32.7% · 🌾 67.3%
Genoese Crossbowman ×43 · Bombard Cannon ×5 · Trebuchet (Packed) ×3
Feudal
8:26
Castle
16:58
Imperial
20:58
| APM avg | 57.2 |
| APM peak | 120 |
| eAPM avg | 31.8 |
| Villagers / military | 82 / 0 |
Focus
⚔️ 49.3% · 🌾 50.7%
Unknown (1952) ×18 · Unknown (1942) ×4
Feudal
—
Castle
—
Imperial
—
| APM avg | 55.5 |
| APM peak | 98 |
| eAPM avg | 34.3 |
| Villagers / military | 172 / 238 |
Focus
⚔️ 29.5% · 🌾 70.5%
Knight ×223 · Petard ×6 · Obuch ×5 · Mangonel ×2 · Trebuchet (Packed) ×2
Feudal
9:37
Castle
22:51
Imperial
33:44
| APM avg | 36.1 |
| APM peak | 75 |
| eAPM avg | 15.9 |
| Villagers / military | 171 / 158 |
Focus
⚔️ 37.9% · 🌾 62.1%
Archer ×132 · Spearman ×23 · Monk ×2 · Skirmisher ×1
Match map
Initial resources + every placement click. Lines = walls · curves = elevation contours. ◆ gold · ⬟ stone · ● berries · ✦ relic · ◌ wall gap
Your base· ✓ Closed at 25:56 · 0t walls · 2 gate(s)
Spartacus's base· ✓ Closed at 20:25 · 0t walls · 3 gate(s)
PL_Husar's base· ✓ Closed at 15:28 · 0t walls · 2 gate(s)
小传奇's base· ✓ Closed at 14:39 · 25t walls · 3 gate(s)
theleaf's base· ✓ Closed at 15:41 · 0t walls · 2 gate(s)
伊诺纳诺's base· ✓ Closed at 16:58 · 0t walls · 3 gate(s)
QvQ5681's base· ✓ Closed at 11:54 · 0t walls · 2 gate(s)
Dawidowww's base· ✓ Closed at 22:51 · 0t walls · 2 gate(s)
Smoothed initial terrain · ◌ = detected wall gap · hover for details
Inputs per minute
— Nasuid - - Spartacus
Build order — Nasuid
First 150 of 281 actions detected
| 0:01 | Create | Villager (Male) |
| 0:01 | Create | Villager (Male) |
| 0:02 | Create | Villager (Male) |
| 0:02 | Create | Villager (Male) |
| 0:02 | Create | Villager (Male) |
| 0:04 | Build | House |
| 0:05 | Build | House |
| 1:25 | Create | Villager (Male) |
| 1:25 | Create | Villager (Male) |
| 2:02 | Create | Villager (Male) |
| 2:02 | Create | Villager (Male) |
| 2:25 | Create | Villager (Male) |
| 2:25 | Create | Villager (Male) |
| 2:45 | Create | Villager (Male) |
| 2:45 | Create | Villager (Male) |
| 2:50 | Build | Lumber Camp |
| 3:04 | Build | House |
| 3:19 | Create | Villager (Male) |
| 3:19 | Create | Villager (Male) |
| 3:54 | Create | Villager (Male) |
| 3:55 | Create | Villager (Male) |
| 3:56 | Create | Villager (Male) |
| 3:56 | Create | Villager (Male) |
| 4:49 | Build | Mill |
| 4:52 | Create | Villager (Male) |
| 4:53 | Create | Villager (Male) |
| 4:53 | Create | Villager (Male) |
| 5:14 | Create | Villager (Male) |
| 6:02 | Create | Villager (Male) |
| 6:36 | Research | Loom |
| 7:05 | Build | House |
| 7:24 | Research | Feudal Age |
| 7:36 | Build | Mining Camp |
| 9:23 | Build | House |
| 9:34 | Age | Feudal Age |
| 9:37 | Build | Blacksmith |
| 9:40 | Create | Villager (Male) |
| 9:41 | Create | Villager (Male) |
| 10:09 | Build | Siege Workshop |
| 10:43 | Create | Villager (Male) |
| 10:44 | Create | Villager (Male) |
| 10:56 | Create | Battering Ram |
| 11:04 | Build | House |
| 11:18 | Create | Villager (Male) |
| 11:24 | Create | Battering Ram |
| 12:03 | Create | Villager (Male) |
| 12:06 | Create | Villager (Male) |
| 12:19 | Research | Double-Bit Axe |
| 12:23 | Create | Battering Ram |
| 12:41 | Create | Villager (Male) |
| 12:41 | Create | Villager (Male) |
| 13:26 | Create | Villager (Male) |
| 13:30 | Create | Battering Ram |
| 13:30 | Create | Villager (Male) |
| 13:30 | Create | Villager (Male) |
| 13:49 | Build | House |
| 13:50 | Build | House |
| 13:51 | Build | House |
| 14:08 | Create | Battering Ram |
| 14:15 | Create | Villager (Male) |
| 15:11 | Create | Villager (Male) |
| 15:11 | Create | Villager (Male) |
| 15:11 | Create | Villager (Male) |
| 15:40 | Create | Villager (Male) |
| 15:44 | Research | Horse Collar |
| 15:53 | Build | Farm |
| 15:53 | Build | Farm |
| 15:53 | Build | Farm |
| 15:53 | Build | Farm |
| 15:54 | Build | Farm |
| 15:54 | Build | Farm |
| 15:54 | Build | Farm |
| 15:56 | Create | Villager (Male) |
| 15:56 | Create | Villager (Male) |
| 16:39 | Create | Villager (Male) |
| 16:45 | Build | Town Center |
| 16:50 | Create | Villager (Male) |
| 17:04 | Create | Villager (Male) |
| 17:37 | Create | Villager (Male) |
| 18:07 | Create | Villager (Male) |
| 18:08 | Create | Villager (Male) |
| 18:12 | Build | House |
| 18:13 | Build | House |
| 19:05 | Build | Farm |
| 19:05 | Build | Farm |
| 19:06 | Build | Farm |
| 19:06 | Build | Farm |
| 19:06 | Build | Farm |
| 19:06 | Build | Farm |
| 19:06 | Build | Farm |
| 19:07 | Build | Farm |
| 19:07 | Build | Farm |
| 19:07 | Build | Farm |
| 19:07 | Build | Farm |
| 19:08 | Build | Farm |
| 19:08 | Build | Farm |
| 19:09 | Create | Villager (Male) |
| 19:09 | Create | Villager (Male) |
| 19:10 | Create | Villager (Male) |
| 19:19 | Create | Villager (Male) |
| 19:20 | Create | Villager (Male) |
| 19:21 | Create | Villager (Male) |
| 19:42 | Create | Villager (Male) |
| 19:44 | Build | Farm |
| 19:44 | Build | Farm |
| 19:45 | Build | Farm |
| 19:45 | Build | Farm |
| 19:45 | Build | Farm |
| 19:45 | Build | Farm |
| 19:52 | Build | Farm |
| 19:54 | Create | Villager (Male) |
| 20:04 | Build | House |
| 20:06 | Build | House |
| 20:12 | Build | Farm |
| 20:13 | Create | Villager (Male) |
| 20:16 | Create | Villager (Male) |
| 21:17 | Create | Villager (Male) |
| 21:17 | Create | Villager (Male) |
| 21:18 | Create | Villager (Male) |
| 21:18 | Create | Villager (Male) |
| 21:19 | Create | Villager (Male) |
| 21:19 | Create | Villager (Male) |
| 21:22 | Build | Farm |
| 21:22 | Build | Farm |
| 21:23 | Build | Farm |
| 21:23 | Build | Farm |
| 21:23 | Build | Farm |
| 21:24 | Create | Villager (Male) |
| 21:24 | Create | Villager (Male) |
| 21:47 | Create | Villager (Male) |
| 21:47 | Create | Villager (Male) |
| 22:11 | Create | Villager (Male) |
| 22:12 | Create | Villager (Male) |
| 22:16 | Build | Farm |
| 22:23 | Build | Lumber Camp |
| 22:25 | Build | House |
| 22:29 | Build | Market |
| 22:33 | Create | Villager (Male) |
| 22:33 | Create | Villager (Male) |
| 22:56 | Build | Farm |
| 23:08 | Build | Farm |
| 23:16 | Research | Castle Age |
| 23:21 | Build | Barracks |
| 24:03 | Research | Wheelbarrow |
| 24:04 | Research | Town Watch |
| 24:07 | Research | Scale Barding Armor |
| 24:12 | Build | Stable |
| 24:14 | Build | Stable |
| 24:17 | Build | Stable |
| 24:19 | Build | Stable |
Build order — Spartacus
First 150 of 354 actions detected
| 0:02 | Create | Villager (Male) |
| 0:02 | Create | Villager (Male) |
| 0:03 | Create | Villager (Male) |
| 0:04 | Build | House |
| 0:06 | Build | House |
| 0:46 | Create | Villager (Male) |
| 1:29 | Create | Villager (Male) |
| 2:01 | Create | Villager (Male) |
| 2:02 | Create | Villager (Male) |
| 2:16 | Create | Villager (Male) |
| 2:17 | Create | Villager (Male) |
| 2:41 | Build | Lumber Camp |
| 2:47 | Create | Villager (Male) |
| 2:53 | Create | Villager (Male) |
| 3:21 | Create | Villager (Male) |
| 3:34 | Create | Villager (Male) |
| 3:34 | Create | Villager (Male) |
| 3:52 | Build | House |
| 4:00 | Build | House |
| 4:07 | Create | Villager (Male) |
| 4:07 | Create | Villager (Male) |
| 4:17 | Build | House |
| 4:50 | Create | Villager (Male) |
| 5:00 | Create | Villager (Male) |
| 5:01 | Create | Villager (Male) |
| 5:47 | Build | Mill |
| 5:48 | Create | Villager (Male) |
| 6:34 | Create | Villager (Male) |
| 6:46 | Research | Feudal Age |
| 6:46 | Research | Feudal Age |
| 7:55 | Create | Villager (Male) |
| 8:56 | Age | Feudal Age |
| 9:00 | Build | Town Center |
| 9:07 | Research | Double-Bit Axe |
| 9:07 | Research | Horse Collar |
| 9:20 | Create | Villager (Male) |
| 9:40 | Create | Villager (Male) |
| 9:43 | Research | Horse Collar |
| 9:43 | Research | Horse Collar |
| 10:00 | Build | Farm |
| 10:07 | Create | Villager (Male) |
| 10:13 | Build | House |
| 10:15 | Build | House |
| 10:20 | Create | Villager (Male) |
| 10:20 | Create | Villager (Male) |
| 10:40 | Create | Villager (Male) |
| 10:41 | Create | Villager (Male) |
| 10:46 | Build | Farm |
| 10:50 | Build | Farm |
| 10:53 | Create | Villager (Male) |
| 11:18 | Create | Villager (Male) |
| 11:18 | Create | Villager (Male) |
| 11:22 | Build | Farm |
| 11:24 | Build | Farm |
| 11:28 | Build | House |
| 11:29 | Build | House |
| 11:38 | Create | Villager (Male) |
| 11:42 | Build | Farm |
| 11:48 | Create | Villager (Male) |
| 11:55 | Build | Farm |
| 12:04 | Create | Villager (Male) |
| 12:09 | Build | Farm |
| 12:15 | Build | Farm |
| 12:22 | Build | Farm |
| 12:23 | Create | Villager (Male) |
| 12:23 | Create | Villager (Male) |
| 12:27 | Build | House |
| 12:29 | Build | House |
| 12:31 | Build | House |
| 12:36 | Create | Villager (Male) |
| 12:36 | Create | Villager (Male) |
| 12:39 | Build | Farm |
| 12:43 | Build | Farm |
| 12:57 | Build | Farm |
| 12:58 | Create | Villager (Male) |
| 12:58 | Create | Villager (Male) |
| 13:04 | Build | Farm |
| 13:10 | Create | Villager (Male) |
| 13:10 | Create | Villager (Male) |
| 13:17 | Create | Villager (Male) |
| 13:17 | Create | Villager (Male) |
| 13:22 | Build | Farm |
| 13:25 | Create | Villager (Male) |
| 13:35 | Create | Villager (Male) |
| 13:36 | Create | Villager (Male) |
| 13:41 | Build | Farm |
| 13:44 | Create | Villager (Male) |
| 13:59 | Create | Villager (Male) |
| 13:59 | Create | Villager (Male) |
| 14:02 | Build | House |
| 14:04 | Build | House |
| 14:05 | Build | House |
| 14:08 | Create | Villager (Male) |
| 14:08 | Create | Villager (Male) |
| 14:19 | Create | Villager (Male) |
| 14:26 | Create | Villager (Male) |
| 14:31 | Build | Farm |
| 14:32 | Build | Farm |
| 14:44 | Create | Villager (Male) |
| 14:48 | Build | Farm |
| 14:56 | Build | Farm |
| 15:00 | Build | Farm |
| 15:03 | Build | Farm |
| 15:09 | Build | Farm |
| 15:10 | Create | Villager (Male) |
| 15:20 | Create | Villager (Male) |
| 15:27 | Build | Blacksmith |
| 15:30 | Build | Market |
| 15:34 | Create | Villager (Male) |
| 15:34 | Create | Villager (Male) |
| 15:46 | Build | Mining Camp |
| 15:47 | Create | Villager (Male) |
| 15:52 | Create | Villager (Male) |
| 15:58 | Create | Villager (Male) |
| 16:05 | Build | Mining Camp |
| 16:06 | Create | Villager (Male) |
| 16:13 | Build | Farm |
| 16:19 | Build | Farm |
| 16:26 | Build | House |
| 16:28 | Build | House |
| 16:32 | Create | Villager (Male) |
| 16:47 | Create | Villager (Male) |
| 17:00 | Build | Barracks |
| 17:02 | Create | Villager (Male) |
| 17:12 | Create | Villager (Male) |
| 17:23 | Create | Villager (Male) |
| 17:34 | Research | Castle Age |
| 17:38 | Create | Villager (Male) |
| 17:46 | Build | Stable |
| 17:52 | Create | Villager (Male) |
| 17:56 | Research | Gold Mining |
| 18:04 | Build | Stable |
| 18:07 | Build | Stable |
| 18:12 | Build | House |
| 18:14 | Build | House |
| 18:19 | Create | Villager (Male) |
| 18:43 | Research | Scale Barding Armor |
| 18:43 | Research | Scale Barding Armor |
| 18:44 | Research | Forging |
| 18:46 | Research | Bloodlines |
| 18:46 | Research | Bloodlines |
| 18:47 | Create | Villager (Male) |
| 18:47 | Create | Villager (Male) |
| 18:52 | Build | House |
| 18:53 | Build | House |
| 18:55 | Build | House |
| 19:10 | Build | Palisade Gate |
| 19:17 | Build | House |
| 19:19 | Build | House |
| 19:20 | Build | House |
Build order — PL_Husar
First 150 of 438 actions detected
| 0:00 | Create | Villager (Male) |
| 0:01 | Create | Villager (Male) |
| 0:01 | Create | Villager (Male) |
| 0:02 | Create | Villager (Male) |
| 0:04 | Build | House |
| 0:06 | Build | House |
| 0:25 | Create | Villager (Male) |
| 0:25 | Create | Villager (Male) |
| 1:52 | Create | Villager (Male) |
| 1:52 | Create | Villager (Male) |
| 2:17 | Create | Villager (Male) |
| 2:17 | Create | Villager (Male) |
| 2:31 | Create | Villager (Male) |
| 2:31 | Create | Villager (Male) |
| 2:48 | Create | Villager (Male) |
| 2:49 | Create | Villager (Male) |
| 3:14 | Create | Villager (Male) |
| 3:35 | Create | Villager (Male) |
| 3:50 | Build | Lumber Camp |
| 4:14 | Create | Villager (Male) |
| 4:28 | Build | House |
| 4:52 | Create | Villager (Male) |
| 4:53 | Create | Villager (Male) |
| 5:20 | Create | Villager (Male) |
| 5:29 | Build | Mill |
| 5:37 | Build | House |
| 6:30 | Create | Villager (Male) |
| 6:31 | Create | Villager (Male) |
| 6:43 | Create | Villager (Male) |
| 7:01 | Create | Villager (Male) |
| 7:04 | Build | Farm |
| 7:08 | Build | Farm |
| 7:09 | Create | Villager (Male) |
| 7:15 | Build | Farm |
| 7:40 | Build | House |
| 7:45 | Create | Villager (Male) |
| 8:11 | Create | Villager (Male) |
| 8:20 | Research | Feudal Age |
| 8:51 | Build | Farm |
| 8:55 | Build | Farm |
| 8:57 | Build | Farm |
| 10:07 | Build | House |
| 10:54 | Build | Farm |
| 11:21 | Age | Feudal Age |
| 11:23 | Create | Villager (Male) |
| 11:23 | Create | Villager (Male) |
| 11:27 | Build | Market |
| 12:05 | Create | Villager (Male) |
| 12:22 | Build | Blacksmith |
| 12:28 | Create | Villager (Male) |
| 12:45 | Build | House |
| 12:53 | Build | Lumber Camp |
| 13:02 | Research | Castle Age |
| 13:14 | Research | Horse Collar |
| 13:17 | Research | Double-Bit Axe |
| 15:28 | Age | Castle Age |
| 15:34 | Create | Villager (Male) |
| 15:34 | Create | Villager (Male) |
| 15:35 | Create | Villager (Male) |
| 15:37 | Build | Town Center |
| 15:41 | Build | Town Center |
| 15:54 | Build | Town Center |
| 15:55 | Create | Villager (Male) |
| 15:56 | Create | Villager (Male) |
| 16:25 | Research | Heavy Plow |
| 16:34 | Research | Bow Saw |
| 16:46 | Create | Villager (Male) |
| 16:46 | Create | Villager (Male) |
| 16:46 | Create | Villager (Male) |
| 16:51 | Build | Farm |
| 16:51 | Build | Farm |
| 16:52 | Build | Farm |
| 16:52 | Build | Farm |
| 17:03 | Build | Farm |
| 17:13 | Build | House |
| 17:16 | Build | Farm |
| 17:17 | Create | Villager (Male) |
| 17:18 | Create | Villager (Male) |
| 17:18 | Create | Villager (Male) |
| 17:32 | Build | Farm |
| 17:35 | Create | Villager (Male) |
| 17:35 | Create | Villager (Male) |
| 17:40 | Build | Farm |
| 17:58 | Create | Villager (Male) |
| 17:58 | Create | Villager (Male) |
| 18:08 | Build | Farm |
| 18:34 | Build | Farm |
| 18:34 | Build | Farm |
| 18:34 | Build | Farm |
| 18:35 | Build | Farm |
| 18:38 | Create | Villager (Male) |
| 18:39 | Create | Villager (Male) |
| 18:39 | Create | Villager (Male) |
| 18:39 | Create | Villager (Male) |
| 18:39 | Create | Villager (Male) |
| 18:51 | Build | House |
| 19:00 | Build | Town Center |
| 19:03 | Create | Villager (Male) |
| 19:04 | Create | Villager (Male) |
| 19:04 | Create | Villager (Male) |
| 19:06 | Build | Farm |
| 19:06 | Build | Farm |
| 19:07 | Build | Farm |
| 19:07 | Build | Farm |
| 19:07 | Build | Farm |
| 19:11 | Create | Villager (Male) |
| 19:11 | Create | Villager (Male) |
| 19:23 | Create | Villager (Male) |
| 19:23 | Create | Villager (Male) |
| 19:28 | Build | Farm |
| 19:28 | Build | Farm |
| 19:28 | Build | Farm |
| 19:29 | Build | Farm |
| 19:29 | Build | Farm |
| 19:29 | Build | Farm |
| 19:55 | Create | Villager (Male) |
| 19:55 | Create | Villager (Male) |
| 19:55 | Create | Villager (Male) |
| 19:56 | Create | Villager (Male) |
| 19:56 | Create | Villager (Male) |
| 19:58 | Build | Farm |
| 19:59 | Build | Farm |
| 19:59 | Build | Farm |
| 19:59 | Build | Farm |
| 20:11 | Create | Villager (Male) |
| 20:11 | Create | Villager (Male) |
| 20:18 | Build | Mill |
| 20:18 | Build | Farm |
| 20:18 | Build | Farm |
| 20:19 | Build | Farm |
| 20:19 | Build | Farm |
| 20:19 | Build | Farm |
| 20:19 | Build | Farm |
| 20:30 | Build | Farm |
| 20:35 | Build | Farm |
| 20:35 | Build | Farm |
| 20:35 | Build | Farm |
| 20:36 | Build | Farm |
| 20:36 | Build | Farm |
| 20:38 | Create | Villager (Male) |
| 20:38 | Create | Villager (Male) |
| 20:38 | Create | Villager (Male) |
| 20:38 | Create | Villager (Male) |
| 20:53 | Build | Lumber Camp |
| 21:05 | Create | Villager (Male) |
| 21:06 | Create | Villager (Male) |
| 21:06 | Create | Villager (Male) |
| 21:06 | Create | Villager (Male) |
| 21:06 | Create | Villager (Male) |
| 21:09 | Build | Farm |
Build order — 小传奇
First 150 of 189 actions detected
| 0:03 | Create | Villager (Male) |
| 0:04 | Create | Villager (Male) |
| 0:04 | Create | Villager (Male) |
| 0:04 | Create | Villager (Male) |
| 0:05 | Create | Villager (Male) |
| 0:06 | Build | House |
| 0:08 | Build | House |
| 1:42 | Create | Villager (Male) |
| 2:03 | Create | Villager (Male) |
| 2:04 | Create | Villager (Male) |
| 2:41 | Build | Lumber Camp |
| 2:45 | Build | House |
| 2:46 | Build | House |
| 2:51 | Create | Villager (Male) |
| 2:52 | Create | Villager (Male) |
| 2:52 | Create | Villager (Male) |
| 3:24 | Create | Villager (Male) |
| 3:24 | Create | Villager (Male) |
| 3:24 | Create | Villager (Male) |
| 4:20 | Create | Villager (Male) |
| 4:20 | Create | Villager (Male) |
| 4:33 | Create | Villager (Male) |
| 4:33 | Create | Villager (Male) |
| 4:46 | Create | Villager (Male) |
| 4:47 | Create | Villager (Male) |
| 5:27 | Build | Mill |
| 6:05 | Create | Villager (Male) |
| 6:33 | Create | Villager (Male) |
| 6:38 | Create | Villager (Male) |
| 7:33 | Create | Villager (Male) |
| 7:36 | Create | Villager (Male) |
| 8:42 | Research | Feudal Age |
| 8:45 | Build | Mining Camp |
| 9:43 | Build | House |
| 9:45 | Build | House |
| 10:09 | Build | Mining Camp |
| 10:25 | Create | Villager (Male) |
| 10:25 | Create | Villager (Male) |
| 10:52 | Age | Feudal Age |
| 10:55 | Build | Blacksmith |
| 11:00 | Build | Market |
| 11:59 | Research | Castle Age |
| 12:19 | Build | Stone Wall |
| 12:28 | Build | Stone Wall |
| 12:46 | Build | Stone Wall |
| 12:54 | Build | Stone Wall |
| 13:41 | Build | House |
| 13:47 | Build | House |
| 14:39 | Age | Castle Age |
| 14:41 | Build | Siege Workshop |
| 15:49 | Build | Town Center |
| 15:58 | Build | Town Center |
| 17:54 | Create | Villager (Male) |
| 17:56 | Create | Villager (Male) |
| 17:57 | Create | Villager (Male) |
| 18:30 | Create | Villager (Male) |
| 19:11 | Build | Farm |
| 19:48 | Build | Farm |
| 20:15 | Build | Farm |
| 20:52 | Build | Farm |
| 20:59 | Create | Villager (Male) |
| 21:19 | Create | Villager (Male) |
| 21:19 | Create | Villager (Male) |
| 21:20 | Create | Villager (Male) |
| 21:20 | Create | Villager (Male) |
| 21:29 | Build | Farm |
| 21:55 | Create | Villager (Male) |
| 21:55 | Create | Villager (Male) |
| 22:11 | Build | House |
| 22:31 | Create | Villager (Male) |
| 22:31 | Create | Villager (Male) |
| 22:36 | Build | Farm |
| 22:52 | Create | Villager (Male) |
| 23:13 | Create | Villager (Male) |
| 23:18 | Build | Farm |
| 23:38 | Create | Villager (Male) |
| 23:38 | Create | Villager (Male) |
| 23:42 | Build | Farm |
| 24:01 | Create | Villager (Male) |
| 24:15 | Build | Farm |
| 24:34 | Create | Villager (Male) |
| 24:48 | Create | Villager (Male) |
| 24:54 | Build | Farm |
| 24:59 | Build | Farm |
| 25:06 | Create | Villager (Male) |
| 25:17 | Build | Farm |
| 25:22 | Create | Villager (Male) |
| 25:22 | Create | Villager (Male) |
| 25:34 | Build | Farm |
| 25:39 | Create | Villager (Male) |
| 25:39 | Create | Villager (Male) |
| 25:55 | Create | Villager (Male) |
| 26:00 | Build | Farm |
| 26:11 | Create | Villager (Male) |
| 26:29 | Build | Farm |
| 26:37 | Create | Villager (Male) |
| 26:38 | Create | Villager (Male) |
| 27:02 | Build | Lumber Camp |
| 27:10 | Create | Villager (Male) |
| 27:11 | Create | Villager (Male) |
| 27:11 | Create | Villager (Male) |
| 27:11 | Create | Villager (Male) |
| 27:16 | Build | Farm |
| 27:27 | Create | Villager (Male) |
| 27:27 | Create | Villager (Male) |
| 27:27 | Create | Villager (Male) |
| 27:47 | Create | Villager (Male) |
| 27:48 | Create | Villager (Male) |
| 28:20 | Create | Villager (Male) |
| 28:20 | Create | Villager (Male) |
| 28:31 | Build | Farm |
| 28:34 | Build | Farm |
| 28:38 | Build | Farm |
| 28:48 | Research | Double-Bit Axe |
| 28:54 | Create | Villager (Male) |
| 29:08 | Create | Villager (Male) |
| 29:09 | Create | Villager (Male) |
| 29:09 | Create | Villager (Male) |
| 29:47 | Build | Stone Wall |
| 29:53 | Build | Stone Wall |
| 30:08 | Create | Villager (Male) |
| 30:08 | Create | Villager (Male) |
| 30:09 | Create | Villager (Male) |
| 30:24 | Build | Market |
| 30:42 | Build | Farm |
| 30:44 | Research | Bow Saw |
| 30:47 | Research | Wheelbarrow |
| 30:48 | Research | Loom |
| 30:48 | Research | Town Watch |
| 31:07 | Create | Villager (Male) |
| 31:08 | Create | Villager (Male) |
| 31:08 | Create | Villager (Male) |
| 31:33 | Build | Town Center |
| 31:43 | Build | Town Center |
| 31:49 | Create | Villager (Male) |
| 31:50 | Create | Villager (Male) |
| 31:51 | Create | Villager (Male) |
| 31:52 | Create | Villager (Male) |
| 32:14 | Create | Villager (Male) |
| 32:15 | Create | Villager (Male) |
| 32:15 | Create | Villager (Male) |
| 32:42 | Create | Villager (Male) |
| 32:42 | Create | Villager (Male) |
| 32:43 | Create | Villager (Male) |
| 33:11 | Research | Hand Cart |
| 33:39 | Create | Villager (Male) |
| 33:40 | Create | Villager (Male) |
| 34:01 | Create | Villager (Male) |
| 34:02 | Create | Villager (Male) |
| 34:02 | Create | Villager (Male) |
Build order — theleaf
142 actions detected in the replay
| 0:01 | Create | Villager (Male) |
| 0:01 | Create | Villager (Male) |
| 0:02 | Build | House |
| 0:03 | Build | House |
| 0:45 | Create | Villager (Male) |
| 0:45 | Create | Villager (Male) |
| 1:23 | Create | Villager (Male) |
| 1:58 | Build | Lumber Camp |
| 2:05 | Create | Villager (Male) |
| 2:05 | Create | Villager (Male) |
| 2:18 | Create | Villager (Male) |
| 2:18 | Create | Villager (Male) |
| 2:19 | Create | Villager (Male) |
| 3:03 | Create | Villager (Male) |
| 3:04 | Create | Villager (Male) |
| 3:36 | Build | Mining Camp |
| 3:39 | Create | Villager (Male) |
| 3:39 | Create | Villager (Male) |
| 3:51 | Create | Villager (Male) |
| 3:57 | Build | House |
| 4:29 | Build | House |
| 4:41 | Create | Villager (Male) |
| 4:41 | Create | Villager (Male) |
| 4:41 | Create | Villager (Male) |
| 5:00 | Create | Villager (Male) |
| 5:23 | Create | Villager (Male) |
| 5:23 | Create | Villager (Male) |
| 5:58 | Build | House |
| 6:08 | Build | House |
| 6:10 | Create | Villager (Male) |
| 6:17 | Build | Mill |
| 6:21 | Create | Villager (Male) |
| 7:32 | Create | Villager (Male) |
| 8:05 | Create | Villager (Male) |
| 8:06 | Create | Villager (Male) |
| 8:07 | Create | Villager (Male) |
| 8:08 | Create | Villager (Male) |
| 8:52 | Research | Feudal Age |
| 8:56 | Build | Mining Camp |
| 11:24 | Create | Villager (Male) |
| 11:24 | Create | Villager (Male) |
| 11:31 | Build | Farm |
| 11:33 | Build | Farm |
| 11:55 | Age | Feudal Age |
| 11:57 | Build | Market |
| 11:59 | Build | Blacksmith |
| 13:01 | Research | Castle Age |
| 13:11 | Research | Horse Collar |
| 13:39 | Build | Farm |
| 13:45 | Build | Farm |
| 13:49 | Build | Farm |
| 13:52 | Build | Farm |
| 14:08 | Build | Farm |
| 14:11 | Build | Farm |
| 14:16 | Build | Farm |
| 14:22 | Build | Farm |
| 14:26 | Build | Farm |
| 14:57 | Build | House |
| 14:58 | Build | House |
| 15:41 | Age | Castle Age |
| 15:46 | Build | Castle |
| 15:59 | Create | Villager (Male) |
| 15:59 | Create | Villager (Male) |
| 16:19 | Build | House |
| 16:20 | Build | House |
| 16:48 | Create | Villager (Male) |
| 17:36 | Research | Imperial Age |
| 17:36 | Research | Imperial Age |
| 17:54 | Create | Genoese Crossbowman |
| 17:55 | Create | Genoese Crossbowman |
| 18:16 | Create | Genoese Crossbowman |
| 18:20 | Research | Fletching |
| 18:25 | Build | University |
| 18:40 | Create | Genoese Crossbowman |
| 18:52 | Create | Genoese Crossbowman |
| 19:04 | Create | Genoese Crossbowman |
| 19:12 | Create | Genoese Crossbowman |
| 19:28 | Research | Bodkin Arrow |
| 19:30 | Create | Genoese Crossbowman |
| 19:51 | Create | Genoese Crossbowman |
| 20:08 | Create | Genoese Crossbowman |
| 20:46 | Age | Imperial Age |
| 20:50 | Create | Trebuchet (Packed) |
| 21:18 | Research | Bracer |
| 22:19 | Create | Trebuchet (Packed) |
| 23:06 | Create | Genoese Crossbowman |
| 23:06 | Create | Genoese Crossbowman |
| 23:07 | Create | Genoese Crossbowman |
| 23:12 | Research | Chemistry |
| 23:14 | Research | Ballistics |
| 24:57 | Create | Genoese Crossbowman |
| 24:57 | Create | Genoese Crossbowman |
| 24:57 | Create | Genoese Crossbowman |
| 24:57 | Create | Genoese Crossbowman |
| 26:08 | Create | Genoese Crossbowman |
| 26:08 | Create | Genoese Crossbowman |
| 26:09 | Create | Genoese Crossbowman |
| 26:09 | Create | Genoese Crossbowman |
| 26:14 | Build | Siege Workshop |
| 26:20 | Research | Padded Archer Armor |
| 28:16 | Create | Trebuchet (Packed) |
| 28:46 | Create | Genoese Crossbowman |
| 28:46 | Create | Genoese Crossbowman |
| 28:47 | Create | Genoese Crossbowman |
| 28:47 | Create | Genoese Crossbowman |
| 28:47 | Create | Genoese Crossbowman |
| 29:33 | Create | Genoese Crossbowman |
| 29:33 | Create | Genoese Crossbowman |
| 29:33 | Create | Genoese Crossbowman |
| 30:17 | Create | Genoese Crossbowman |
| 30:17 | Create | Genoese Crossbowman |
| 30:18 | Create | Genoese Crossbowman |
| 30:39 | Create | Villager (Male) |
| 30:39 | Create | Villager (Male) |
| 30:39 | Create | Villager (Male) |
| 30:39 | Create | Villager (Male) |
| 30:40 | Create | Villager (Male) |
| 30:40 | Create | Villager (Male) |
| 31:09 | Create | Genoese Crossbowman |
| 31:10 | Create | Genoese Crossbowman |
| 31:19 | Research | Double-Bit Axe |
| 31:23 | Create | Bombard Cannon |
| 31:23 | Create | Bombard Cannon |
| 31:42 | Build | House |
| 31:44 | Build | House |
| 31:45 | Build | House |
| 31:45 | Build | House |
| 32:41 | Create | Bombard Cannon |
| 34:05 | Research | Elite Genoese Crossbowman (upgrade) |
| 34:31 | Create | Genoese Crossbowman |
| 34:32 | Create | Genoese Crossbowman |
| 34:33 | Create | Genoese Crossbowman |
| 34:38 | Build | Mining Camp |
| 36:22 | Create | Genoese Crossbowman |
| 36:22 | Create | Genoese Crossbowman |
| 36:22 | Create | Genoese Crossbowman |
| 37:06 | Create | Genoese Crossbowman |
| 37:06 | Create | Genoese Crossbowman |
| 37:06 | Create | Genoese Crossbowman |
| 37:12 | Create | Bombard Cannon |
| 37:12 | Create | Bombard Cannon |
| 37:20 | Build | Siege Workshop |
Build order — 伊诺纳诺
First 150 of 245 actions detected
| 0:00 | Create | Villager (Male) |
| 0:01 | Create | Villager (Male) |
| 0:01 | Create | Villager (Male) |
| 0:02 | Build | House |
| 0:04 | Create | Villager (Male) |
| 0:04 | Create | Villager (Male) |
| 1:05 | Build | Lumber Camp |
| 1:37 | Create | Villager (Male) |
| 1:38 | Create | Villager (Male) |
| 1:51 | Build | House |
| 1:58 | Create | Villager (Male) |
| 1:58 | Create | Villager (Male) |
| 2:29 | Create | Villager (Male) |
| 2:29 | Create | Villager (Male) |
| 2:51 | Create | Villager (Male) |
| 2:52 | Create | Villager (Male) |
| 3:01 | Build | House |
| 3:08 | Create | Villager (Male) |
| 3:09 | Create | Villager (Male) |
| 3:44 | Create | Villager (Male) |
| 4:33 | Create | Villager (Male) |
| 4:33 | Create | Villager (Male) |
| 4:33 | Create | Villager (Male) |
| 4:38 | Build | Mill |
| 5:49 | Create | Villager (Male) |
| 6:11 | Research | Feudal Age |
| 6:11 | Research | Feudal Age |
| 6:11 | Research | Feudal Age |
| 6:11 | Research | Feudal Age |
| 6:11 | Research | Feudal Age |
| 6:11 | Research | Feudal Age |
| 6:11 | Research | Feudal Age |
| 7:03 | Build | Mining Camp |
| 7:23 | Create | Villager (Male) |
| 8:05 | Build | House |
| 8:26 | Age | Feudal Age |
| 8:26 | Research | Double-Bit Axe |
| 8:26 | Research | Double-Bit Axe |
| 8:26 | Research | Double-Bit Axe |
| 8:26 | Research | Double-Bit Axe |
| 8:27 | Research | Double-Bit Axe |
| 8:27 | Research | Horse Collar |
| 8:27 | Research | Horse Collar |
| 8:27 | Research | Horse Collar |
| 8:29 | Research | Gold Mining |
| 8:29 | Research | Gold Mining |
| 8:29 | Research | Gold Mining |
| 8:31 | Create | Villager (Male) |
| 8:57 | Build | House |
| 9:10 | Build | Farm |
| 9:11 | Build | Farm |
| 9:14 | Create | Villager (Male) |
| 9:21 | Research | Stone Mining |
| 9:21 | Research | Stone Mining |
| 9:38 | Build | Farm |
| 9:39 | Create | Villager (Male) |
| 9:48 | Build | Farm |
| 9:56 | Create | Villager (Male) |
| 10:08 | Build | Farm |
| 10:16 | Create | Villager (Male) |
| 10:18 | Build | Farm |
| 10:26 | Build | House |
| 10:30 | Create | Villager (Male) |
| 10:39 | Build | Farm |
| 10:50 | Create | Villager (Male) |
| 10:57 | Build | Farm |
| 11:00 | Build | House |
| 11:22 | Create | Villager (Male) |
| 11:26 | Build | Farm |
| 11:29 | Build | House |
| 11:35 | Create | Villager (Male) |
| 11:37 | Build | Farm |
| 11:42 | Create | Villager (Male) |
| 11:45 | Build | Farm |
| 11:55 | Build | Farm |
| 12:29 | Create | Villager (Male) |
| 12:34 | Build | Farm |
| 12:41 | Build | Farm |
| 12:50 | Build | Market |
| 13:00 | Create | Villager (Male) |
| 13:11 | Build | Blacksmith |
| 13:31 | Build | House |
| 13:48 | Create | Villager (Male) |
| 14:18 | Research | Castle Age |
| 14:18 | Research | Castle Age |
| 14:18 | Research | Castle Age |
| 14:18 | Research | Castle Age |
| 14:28 | Build | Mining Camp |
| 14:32 | Build | Farm |
| 14:33 | Build | Farm |
| 14:44 | Build | Farm |
| 15:02 | Create | Villager (Male) |
| 15:05 | Build | Farm |
| 15:09 | Research | Wheelbarrow |
| 16:45 | Create | Villager (Male) |
| 16:45 | Create | Villager (Male) |
| 16:58 | Age | Castle Age |
| 16:59 | Build | University |
| 17:00 | Build | Monastery |
| 17:47 | Research | Imperial Age |
| 17:47 | Research | Imperial Age |
| 17:47 | Research | Imperial Age |
| 18:17 | Build | Barracks |
| 18:38 | Build | Lumber Camp |
| 18:48 | Research | Fletching |
| 18:48 | Research | Fletching |
| 18:48 | Research | Fletching |
| 18:48 | Research | Fletching |
| 19:05 | Build | Lumber Camp |
| 19:23 | Research | Bodkin Arrow |
| 19:23 | Research | Bodkin Arrow |
| 19:23 | Research | Bodkin Arrow |
| 19:23 | Research | Bodkin Arrow |
| 19:49 | Build | House |
| 19:55 | Build | Palisade Wall |
| 20:01 | Build | Archery Range |
| 20:13 | Build | Siege Workshop |
| 20:21 | Create | Villager (Male) |
| 20:21 | Create | Villager (Male) |
| 20:25 | Research | Wheelbarrow |
| 20:40 | Create | Villager (Male) |
| 20:58 | Age | Imperial Age |
| 20:59 | Create | Unit 1942 |
| 20:59 | Create | Villager (Male) |
| 21:00 | Research | Bow Saw |
| 21:20 | Create | Unit 1942 |
| 21:27 | Create | Unit 1952 |
| 21:31 | Build | Archery Range |
| 21:32 | Research | Bracer |
| 21:32 | Research | Bracer |
| 21:32 | Research | Bracer |
| 21:32 | Research | Bracer |
| 21:32 | Research | Bracer |
| 21:37 | Research | Loom |
| 21:42 | Create | Unit 1952 |
| 21:55 | Create | Unit 1942 |
| 21:55 | Create | Unit 1942 |
| 21:59 | Create | Villager (Male) |
| 22:13 | Create | Unit 1952 |
| 22:16 | Build | House |
| 22:20 | Create | Villager (Male) |
| 22:28 | Create | Unit 1952 |
| 22:49 | Create | Unit 1952 |
| 22:49 | Create | Unit 1952 |
| 22:52 | Research | Ballistics |
| 22:52 | Research | Ballistics |
| 22:52 | Research | Ballistics |
| 22:52 | Research | Ballistics |
| 23:11 | Create | Unit 1952 |
| 23:13 | Create | Unit 1952 |
Build order — QvQ5681
First 150 of 523 actions detected
| 0:01 | Create | Villager (Male) |
| 0:01 | Create | Villager (Male) |
| 0:02 | Create | Villager (Male) |
| 0:02 | Build | House |
| 0:03 | Build | House |
| 0:09 | Create | Villager (Male) |
| 0:09 | Create | Villager (Male) |
| 1:24 | Create | Villager (Male) |
| 1:46 | Build | Lumber Camp |
| 1:59 | Create | Villager (Male) |
| 1:59 | Create | Villager (Male) |
| 2:14 | Create | Villager (Male) |
| 2:14 | Create | Villager (Male) |
| 2:49 | Create | Villager (Male) |
| 2:49 | Create | Villager (Male) |
| 3:07 | Create | Villager (Male) |
| 3:07 | Create | Villager (Male) |
| 3:35 | Build | Mill |
| 3:39 | Create | Villager (Male) |
| 3:40 | Create | Villager (Male) |
| 3:42 | Create | Villager (Male) |
| 3:42 | Create | Villager (Male) |
| 4:12 | Create | Villager (Male) |
| 4:13 | Create | Villager (Male) |
| 4:15 | Build | Farm |
| 4:50 | Build | Farm |
| 4:54 | Create | Villager (Male) |
| 4:55 | Create | Villager (Male) |
| 5:25 | Create | Villager (Male) |
| 5:25 | Create | Villager (Male) |
| 5:25 | Create | Villager (Male) |
| 5:25 | Create | Villager (Male) |
| 5:33 | Build | House |
| 5:59 | Build | Farm |
| 6:18 | Create | Villager (Male) |
| 6:31 | Create | Villager (Male) |
| 6:35 | Create | Villager (Male) |
| 7:09 | Create | Villager (Male) |
| 7:22 | Build | Mining Camp |
| 7:35 | Create | Villager (Male) |
| 8:18 | Research | Feudal Age |
| 8:18 | Research | Feudal Age |
| 9:15 | Build | House |
| 9:39 | Create | Villager (Male) |
| 9:40 | Create | Villager (Male) |
| 11:02 | Build | Market |
| 11:04 | Build | Blacksmith |
| 11:08 | Research | Double-Bit Axe |
| 11:09 | Research | Double-Bit Axe |
| 11:48 | Build | House |
| 11:54 | Research | Castle Age |
| 11:54 | Research | Castle Age |
| 12:29 | Build | House |
| 12:33 | Research | Horse Collar |
| 12:33 | Research | Horse Collar |
| 13:00 | Build | House |
| 13:33 | Build | House |
| 14:06 | Build | House |
| 14:36 | Build | Town Center |
| 14:40 | Build | Town Center |
| 14:44 | Build | Town Center |
| 14:55 | Research | Heavy Plow |
| 14:55 | Research | Heavy Plow |
| 14:57 | Create | Villager (Male) |
| 15:17 | Create | Villager (Male) |
| 15:38 | Build | Siege Workshop |
| 15:41 | Create | Villager (Male) |
| 15:44 | Build | Farm |
| 15:44 | Build | Farm |
| 15:48 | Build | Farm |
| 15:51 | Create | Villager (Male) |
| 15:57 | Create | Villager (Male) |
| 16:05 | Create | Villager (Male) |
| 16:10 | Build | Farm |
| 16:13 | Create | Villager (Male) |
| 16:13 | Create | Villager (Male) |
| 16:17 | Research | Loom |
| 16:17 | Research | Loom |
| 16:49 | Create | Villager (Male) |
| 16:49 | Create | Villager (Male) |
| 16:50 | Create | Villager (Male) |
| 16:55 | Build | Farm |
| 17:07 | Create | Mangonel |
| 17:08 | Create | Mangonel |
| 17:12 | Create | Villager (Male) |
| 17:12 | Create | Villager (Male) |
| 17:15 | Build | Farm |
| 17:26 | Build | Farm |
| 17:29 | Build | Farm |
| 17:32 | Create | Villager (Male) |
| 17:33 | Create | Villager (Male) |
| 17:37 | Build | House |
| 17:41 | Build | Stone Wall |
| 17:53 | Create | Villager (Male) |
| 17:53 | Create | Villager (Male) |
| 17:53 | Create | Villager (Male) |
| 17:57 | Build | Farm |
| 18:09 | Build | Mill |
| 18:46 | Build | Blacksmith |
| 18:49 | Build | Farm |
| 18:49 | Build | Farm |
| 18:50 | Build | Farm |
| 18:50 | Build | Farm |
| 18:50 | Build | Farm |
| 18:51 | Create | Villager (Male) |
| 18:51 | Create | Villager (Male) |
| 18:51 | Create | Villager (Male) |
| 19:02 | Create | Villager (Male) |
| 19:04 | Build | Farm |
| 19:05 | Build | Farm |
| 19:05 | Build | Farm |
| 19:05 | Build | Farm |
| 19:20 | Create | Villager (Male) |
| 19:21 | Create | Villager (Male) |
| 19:21 | Create | Villager (Male) |
| 19:26 | Build | Farm |
| 19:32 | Build | Lumber Camp |
| 19:35 | Create | Villager (Male) |
| 19:35 | Create | Villager (Male) |
| 19:49 | Create | Villager (Male) |
| 19:49 | Create | Villager (Male) |
| 19:55 | Create | Villager (Male) |
| 19:55 | Create | Villager (Male) |
| 20:01 | Build | Town Center |
| 20:05 | Create | Villager (Male) |
| 20:25 | Build | Mill |
| 20:26 | Create | Villager (Male) |
| 20:27 | Create | Villager (Male) |
| 20:27 | Create | Villager (Male) |
| 20:27 | Create | Villager (Male) |
| 20:30 | Create | Villager (Male) |
| 20:41 | Build | Farm |
| 20:42 | Build | Farm |
| 20:42 | Build | Farm |
| 20:42 | Build | Farm |
| 20:42 | Build | Farm |
| 20:42 | Build | Farm |
| 20:49 | Create | Villager (Male) |
| 20:49 | Create | Villager (Male) |
| 20:50 | Create | Villager (Male) |
| 20:50 | Create | Villager (Male) |
| 20:52 | Build | Farm |
| 20:52 | Build | Farm |
| 20:53 | Build | Farm |
| 20:53 | Build | Farm |
| 21:19 | Build | Farm |
| 21:19 | Build | Farm |
| 21:19 | Build | Farm |
| 21:27 | Build | Mill |
| 21:30 | Create | Villager (Male) |
Build order — Dawidowww
First 150 of 291 actions detected
| 0:02 | Create | Villager (Male) |
| 0:02 | Create | Villager (Male) |
| 0:02 | Create | Villager (Male) |
| 0:02 | Create | Villager (Male) |
| 0:03 | Create | Villager (Male) |
| 0:03 | Create | Villager (Male) |
| 0:04 | Build | House |
| 0:06 | Build | House |
| 1:29 | Create | Villager (Male) |
| 1:29 | Create | Villager (Male) |
| 1:47 | Build | House |
| 2:09 | Create | Villager (Male) ×2 |
| 2:09 | Create | Villager (Male) ×2 |
| 2:13 | Build | Lumber Camp |
| 2:18 | Build | House |
| 3:00 | Create | Villager (Male) |
| 3:01 | Create | Villager (Male) |
| 3:01 | Create | Villager (Male) |
| 3:35 | Create | Villager (Male) ×2 |
| 3:35 | Create | Villager (Male) ×2 |
| 4:09 | Create | Villager (Male) ×2 |
| 4:10 | Create | Villager (Male) ×2 |
| 4:10 | Create | Villager (Male) ×2 |
| 4:46 | Create | Villager (Male) ×2 |
| 4:46 | Create | Villager (Male) ×2 |
| 5:16 | Create | Villager (Male) ×5 |
| 5:16 | Create | Villager (Male) ×5 |
| 5:16 | Create | Villager (Male) ×5 |
| 6:21 | Research | Loom |
| 6:41 | Build | Mining Camp |
| 7:02 | Create | Villager (Male) |
| 7:21 | Research | Feudal Age |
| 7:21 | Research | Feudal Age |
| 7:30 | Build | Lumber Camp |
| 8:57 | Build | Barracks |
| 9:31 | Create | Villager (Male) |
| 9:31 | Create | Villager (Male) |
| 9:32 | Create | Villager (Male) |
| 9:37 | Age | Feudal Age |
| 9:43 | Research | Double-Bit Axe |
| 10:02 | Build | Archery Range |
| 10:12 | Create | Villager (Male) |
| 10:16 | Build | House |
| 10:41 | Create | Villager (Male) |
| 10:41 | Create | Villager (Male) |
| 10:58 | Build | Archery Range |
| 11:03 | Create | Archer |
| 11:04 | Create | Archer |
| 11:12 | Build | Mill |
| 11:24 | Create | Archer |
| 11:24 | Create | Archer |
| 11:37 | Build | House |
| 11:39 | Build | House |
| 11:43 | Create | Villager (Male) |
| 12:04 | Create | Archer |
| 12:04 | Create | Archer |
| 12:04 | Create | Archer |
| 12:06 | Create | Villager (Male) |
| 12:10 | Research | Horse Collar |
| 12:18 | Build | House |
| 12:24 | Create | Archer |
| 12:34 | Build | House |
| 12:41 | Create | Archer |
| 12:43 | Create | Villager (Male) |
| 12:47 | Build | Blacksmith |
| 12:52 | Build | Farm |
| 13:32 | Create | Archer |
| 13:34 | Research | Fletching |
| 13:34 | Research | Fletching |
| 13:39 | Build | Farm |
| 13:42 | Build | Farm |
| 13:43 | Build | Farm |
| 13:46 | Create | Villager (Male) |
| 13:46 | Create | Villager (Male) |
| 13:57 | Create | Archer ×4 |
| 14:21 | Create | Villager (Male) |
| 14:21 | Create | Villager (Male) |
| 14:24 | Build | Farm |
| 14:26 | Build | Farm |
| 14:35 | Create | Archer |
| 14:35 | Create | Archer |
| 15:13 | Create | Archer ×2 |
| 15:14 | Create | Villager (Male) ×4 |
| 15:14 | Create | Villager (Male) ×4 |
| 15:14 | Create | Villager (Male) ×4 |
| 15:49 | Create | Villager (Male) ×2 |
| 15:49 | Create | Villager (Male) ×2 |
| 15:49 | Create | Villager (Male) ×2 |
| 15:53 | Build | Farm |
| 15:53 | Build | Farm |
| 15:56 | Build | Farm |
| 15:58 | Build | Farm |
| 16:06 | Build | House |
| 16:07 | Build | House |
| 16:08 | Build | House |
| 16:12 | Build | Farm |
| 16:15 | Build | House |
| 16:35 | Create | Archer |
| 16:36 | Create | Archer |
| 16:36 | Create | Archer |
| 16:37 | Create | Archer |
| 16:37 | Create | Villager (Male) |
| 16:38 | Create | Villager (Male) |
| 16:47 | Research | Padded Archer Armor |
| 17:00 | Create | Archer |
| 17:00 | Create | Archer |
| 17:18 | Build | House |
| 17:22 | Build | Mining Camp |
| 17:38 | Create | Archer |
| 17:39 | Create | Archer |
| 17:41 | Create | Villager (Male) |
| 17:41 | Create | Villager (Male) |
| 17:41 | Create | Villager (Male) |
| 17:42 | Create | Villager (Male) |
| 17:49 | Build | Mining Camp |
| 18:57 | Create | Villager (Male) |
| 18:57 | Create | Villager (Male) |
| 19:11 | Create | Archer ×5 |
| 19:12 | Create | Archer ×5 |
| 19:12 | Create | Archer ×5 |
| 20:00 | Build | Market |
| 20:03 | Create | Villager (Male) |
| 20:11 | Research | Castle Age |
| 20:17 | Create | Archer |
| 20:17 | Create | Archer |
| 20:18 | Create | Archer |
| 20:18 | Create | Archer |
| 20:18 | Create | Archer |
| 20:18 | Create | Archer |
| 20:27 | Build | House |
| 20:27 | Build | House |
| 20:28 | Build | House |
| 21:16 | Build | Lumber Camp |
| 21:18 | Create | Archer ×5 |
| 21:34 | Create | Archer |
| 21:35 | Create | Archer |
| 22:51 | Age | Castle Age |
| 22:54 | Research | Crossbowman (upgrade) |
| 22:54 | Research | Thumb Ring |
| 22:59 | Research | Bodkin Arrow |
| 22:59 | Research | Leather Archer Armor |
| 23:06 | Build | University |
| 23:10 | Create | Villager (Male) |
| 23:10 | Create | Villager (Male) |
| 23:19 | Research | Heavy Plow |
| 23:24 | Build | Town Center |
| 23:46 | Research | Wheelbarrow |
| 24:04 | Research | Ballistics |
| 24:04 | Research | Ballistics |
| 24:30 | Create | Villager (Male) ×2 |
Match timeline
| 8:26 | 伊诺纳诺 · age_up feudal |
| 8:56 | Spartacus · age_up feudal |
| 8:57 | Dawidowww · first_building Barracks |
| 9:34 | Nasuid · age_up feudal |
| 9:37 | Dawidowww · age_up feudal |
| 10:02 | Dawidowww · first_building Archery Range |
| 10:09 | Nasuid · first_building Siege Workshop |
| 10:52 | 小传奇 · age_up feudal |
| 11:21 | PL_Husar · age_up feudal |
| 11:54 | QvQ5681 · first_market_sell 100 stone |
| 11:55 | theleaf · age_up feudal |
| 12:19 | 小传奇 · wall_segment Stone Wall x7 |
| 12:28 | 小传奇 · wall_segment Stone Wall x8 |
| 12:46 | 小传奇 · wall_segment Stone Wall x6 |
| 12:54 | 小传奇 · wall_segment Stone Wall x4 |
| 13:02 | PL_Husar · first_market_sell 100 food |
| 14:39 | 小传奇 · age_up castle |
| 14:41 | 小传奇 · first_building Siege Workshop |
| 15:28 | PL_Husar · age_up castle |
| 15:38 | QvQ5681 · first_building Siege Workshop |
| 15:41 | theleaf · age_up castle |
| 15:46 | theleaf · first_building Castle |
| 15:47 | PL_Husar · first_market_buy 100 stone |
| 16:36 | theleaf · first_market_sell 100 wood |
| 16:38 | theleaf · first_market_buy 100 food |
| 16:58 | 伊诺纳诺 · age_up castle |
| 17:00 | 伊诺纳诺 · first_building Monastery |
| 17:00 | Spartacus · first_building Barracks |
| 17:18 | 伊诺纳诺 · first_market_sell 100 stone |
| 17:41 | QvQ5681 · wall_segment Stone Wall x8 |
| 17:46 | Spartacus · first_building Stable |
| 18:17 | 伊诺纳诺 · first_building Barracks |
| 19:55 | 伊诺纳诺 · wall_segment Palisade Wall x1 |
| 20:01 | 伊诺纳诺 · first_building Archery Range |
| 20:13 | 伊诺纳诺 · first_building Siege Workshop |
| 20:25 | Spartacus · age_up castle |
| 20:46 | theleaf · age_up imperial |
| 20:58 | 伊诺纳诺 · age_up imperial |
| 21:05 | QvQ5681 · first_market_buy 100 food |
| 21:16 | QvQ5681 · tribute_sent a jugador 1 |
| 21:16 | QvQ5681 · tribute_sent a jugador 2 |
| 21:16 | QvQ5681 · tribute_sent a jugador 3 |
| 21:16 | QvQ5681 · tribute_sent a jugador 4 |
| 21:16 | QvQ5681 · tribute_sent a jugador 5 |
| 21:16 | QvQ5681 · tribute_sent a jugador 6 |
| 21:16 | QvQ5681 · tribute_sent a jugador 8 |
| 22:51 | Dawidowww · age_up castle |
| 23:12 | Nasuid · first_market_buy 100 food |
| 23:15 | Dawidowww · first_market_buy 100 food |
| 23:21 | Nasuid · first_building Barracks |
| 23:33 | QvQ5681 · wall_segment Stone Wall x4 |
| 23:54 | 伊诺纳诺 · first_building Stable |
| 24:12 | Nasuid · first_building Stable |
| 24:42 | PL_Husar · first_building Barracks |
| 24:57 | Dawidowww · first_building Monastery |
| 25:25 | 伊诺纳诺 · first_market_buy 100 stone |
| 25:27 | 伊诺纳诺 · wall_segment Stone Wall x1 |
| 25:28 | 伊诺纳诺 · wall_segment Stone Wall x1 |
| 25:35 | PL_Husar · first_building Stable |
| 25:37 | 伊诺纳诺 · wall_segment Stone Wall x3 |
| 25:46 | Spartacus · first_building Siege Workshop |
| 25:53 | Nasuid · first_market_sell 100 wood |
| 25:56 | Nasuid · age_up castle |
| 25:59 | 伊诺纳诺 · wall_segment Stone Wall x1 |
| 26:14 | theleaf · first_building Siege Workshop |
| 26:23 | QvQ5681 · first_building Castle |
| 26:35 | PL_Husar · first_building Castle |
| 27:45 | QvQ5681 · first_building Barracks |
| 28:09 | QvQ5681 · first_building Stable |
| 28:50 | Spartacus · first_building Monastery |
| 29:47 | 小传奇 · wall_segment Stone Wall x2 |
| 29:53 | 小传奇 · wall_segment Stone Wall x1 |
| 30:44 | PL_Husar · age_up imperial |
| 31:26 | 小传奇 · first_market_sell 100 wood |
| 31:27 | 小传奇 · first_market_buy 100 stone |
| 32:09 | 伊诺纳诺 · wall_segment Palisade Wall x1 |
| 32:09 | 伊诺纳诺 · wall_segment Palisade Wall x1 |
| 32:11 | 伊诺纳诺 · wall_segment Palisade Wall x1 |
| 32:12 | 伊诺纳诺 · wall_segment Palisade Wall x1 |
| 32:19 | 伊诺纳诺 · wall_segment Palisade Wall x1 |
| 32:21 | 伊诺纳诺 · wall_segment Palisade Wall x1 |
| 32:22 | 伊诺纳诺 · wall_segment Stone Wall x1 |
| 32:23 | 伊诺纳诺 · wall_segment Stone Wall x1 |
| 32:24 | 伊诺纳诺 · wall_segment Stone Wall x1 |
| 32:25 | 伊诺纳诺 · wall_segment Stone Wall x1 |
| 32:26 | 伊诺纳诺 · wall_segment Stone Wall x1 |
| 32:27 | 伊诺纳诺 · wall_segment Stone Wall x1 |
| 32:28 | 伊诺纳诺 · wall_segment Stone Wall x1 |
| 32:29 | 伊诺纳诺 · wall_segment Stone Wall x1 |
| 32:30 | 伊诺纳诺 · wall_segment Stone Wall x1 |
| 32:31 | 伊诺纳诺 · wall_segment Stone Wall x1 |
| 32:56 | 伊诺纳诺 · wall_segment Stone Wall x1 |
| 32:59 | 伊诺纳诺 · wall_segment Stone Wall x1 |
| 33:21 | Nasuid · wall_segment Palisade Wall x1 |
| 33:44 | Dawidowww · age_up imperial |
| 34:05 | Nasuid · wall_segment Palisade Wall x1 |
| 34:08 | Nasuid · wall_segment Palisade Wall x8 |
| 35:16 | Dawidowww · first_market_sell 100 wood |
| 36:12 | Spartacus · age_up imperial |
| 36:14 | QvQ5681 · tribute_sent a jugador 1 |
| 36:14 | QvQ5681 · tribute_sent a jugador 2 |
| 36:14 | QvQ5681 · tribute_sent a jugador 3 |
| 36:14 | QvQ5681 · tribute_sent a jugador 4 |
| 36:14 | QvQ5681 · tribute_sent a jugador 5 |
| 36:14 | QvQ5681 · tribute_sent a jugador 6 |
| 36:14 | QvQ5681 · tribute_sent a jugador 8 |
| 36:37 | PL_Husar · first_building Archery Range |
| 37:28 | Spartacus · first_market_sell 100 wood |
| 37:30 | Spartacus · first_market_buy 100 food |
| 38:29 | Nasuid · resign |
[ AI ANALYSIS · 1 CREDIT ]
What really happened in this match?
Wolo.gg analyzes every decision: build order, eco, micro, common mistakes by bracket. Personalized analysis on WhatsApp or Discord in 30 seconds.
Civ guide
Cumans
Perfil
Jugador #4470813